 Dungeon Crawl Stone Soup version 0.32-a0-17-gb74e046682 (webtiles) character file.

Game seed: 292804405528605381

520 hikkokomori the Frost Mage (level 7, -2/78 HPs)
             Began as a Gnoll Wanderer on Jan 15, 2024.
             Constricted to death by Pikel (4 damage)
             ... on level 5 of the Dungeon.
             The game lasted 00:09:05 (4377 turns).

hikkokomori the Frost Mage (Gnoll Wanderer)         Turns: 4377, Time: 00:09:05

Health: -2/78      AC:  9    Str: 10    XL:     7   Next: 21%
Magic:  1/12       EV:  9    Int: 16    God:
Gold:   166        SH:  0    Dex: 10    Spells: 3/13 levels left

rFire   . . .        s - +2 dagger (freeze)
rCold   . . .        (no shield)
rNeg    . . .        A - +1 leather armour {rPois}
rPois   +            (no helmet)
rElec   .            q - +0 cloak
rCorr   .            (no gloves)
SInv    .            (no boots)
Will    .....        (no amulet) Stlth
                     h - +4 ring of protection
HPRegen 0.33/turn    (no ring)
MPRegen 0.13/turn

%: no passive effects
@: berserking, grasped by roots, constricted, very quick
A: fangs 1, strong nose, distributed training
a: no special abilities


You were on level 5 of the Dungeon.
You visited 1 branch of the dungeon, and saw 5 of its levels.

You collected 166 gold pieces.

Inventory:

Hand Weapons
 p - a +3 quarterstaff of chaos
 s - a +2 dagger of freezing (weapon)
 u - a +1 trident of venom
Armour
 c - a +0 robe
 q - a +0 cloak (worn)
 A - a +1 leather armour of poison resistance (worn)
Jewellery
 h - a +4 ring of protection (left hand)
Wands
 b - a wand of flame (30)
Scrolls
 d - 2 scrolls of fog
 f - a scroll of immolation
 k - a scroll of revelation {unknown}
 l - a scroll of brand weapon {unknown}
 m - 2 scrolls of noise {unknown}
 o - a scroll of teleportation {unknown}
 v - a scroll of enchant armour {unknown}
 x - a scroll of summoning {unknown}
 y - a scroll of fear {unknown}
 z - a scroll of amnesia {unknown}
Potions
 a - 2 potions of enlightenment {unknown}
 e - 2 potions of attraction
 g - 2 potions of heal wounds {unknown}
 i - a potion of ambrosia {unknown}
 j - a potion of berserk rage
 n - a potion of mutation {unknown}
 r - a potion of resistance {unknown}
 t - a potion of curing {unknown}


   Skills:
 + Level 3.6 Fighting
 + Level 2.4 Short Blades
 + Level 2.4 Long Blades
 + Level 2.4 Axes
 + Level 2.4 Maces & Flails
 + Level 2.4 Polearms
 + Level 2.4 Staves
 + Level 2.4 Ranged Weapons
 + Level 2.4 Throwing
 + Level 3.6 Armour
 + Level 3.6 Dodging
 + Level 2.4 Stealth
 + Level 2.4 Shields
 + Level 2.4 Unarmed Combat
 + Level 3.7 Spellcasting
 + Level 2.0 Conjurations
 + Level 2.0 Hexes
 + Level 2.0 Summonings
 + Level 2.0 Necromancy
 + Level 2.0 Translocations
 + Level 2.0 Fire Magic
 + Level 9.0 Ice Magic
 + Level 2.0 Air Magic
 + Level 2.0 Earth Magic
 + Level 2.0 Alchemy
 + Level 2.7 Invocations
 + Level 3.6 Evocations
 + Level 2.2 Shapeshifting


You had 3 spell levels left.
You knew the following spells:

 Your Spells              Type           Power      Damage    Failure   Level
a - Freeze                Ice            100%       1d10      1%          1
b - Frozen Ramparts       Ice            62%        1d10      1%          3
c - Hailstorm             Conj/Ice       20%        3d7       7%          3
d - Summon Ice Beast      Ice/Summ       20%        N/A       7%          3

Your spell library contained the following spells:

 Spells                   Type           Power      Damage    Failure   Level
 Dazzling Flash           Conj/Hex       18%        N/A       30%         3
 Volatile Blastmotes      Fire/Tloc      18%        2d11      30%         3
 Summon Mana Viper        Hex/Summ       9%         N/A       95%         5
 Starburst                Conj/Fire      4%         6d4       100%        6
 Monstrous Menagerie      Summ           4%         N/A       100%        7
 Maxwell's Capacitive Co  Air            4%         ∞         100%        8


Dungeon Overview and Level Annotations

Branches:
Dungeon (5/15)
 Temple: D:4-7

Altars:
Dithmenos
Fedhas

Annotations:
D:5 Pikel


Innate Abilities, Weirdness & Mutations

You have very sharp teeth.
Your uncanny sense of smell can sniff out nearby items.
Your experience applies equally to all skills.


Message History

The wall freezes the lemure but does no damage.
The wall freezes Pikel.
Pikel barely misses you. The grasping roots constrict you.
Unknown command.
You hit Pikel but do no damage.
Pikel is almost dead.
The wall freezes the lemure. x2
You kill the lemure!
That felt strangely unrewarding.
The grasping roots release their grip on you.
Unknown command.
You hit Pikel but do no damage.
Pikel is almost dead.
The wall freezes Pikel but does no damage.
Pikel says, "Asmodeus and me are pals.
He gave me this whip."
Pikel zaps a wand.
The roots erupt in riotous growth!
The grasping roots grab you!
Pikel is unaffected.
The grasping roots constrict you.
Unknown command.
You closely miss Pikel. Your bite misses Pikel.
Pikel is almost dead.
The wall freezes the lemure but does no damage.
The wall freezes Pikel.
Pikel hits you with a +0 whip of flaming!
Pikel burns you.
* * * LOW HITPOINT WARNING * * *
The grasping roots constrict you.
* * * LOW HITPOINT WARNING * * *
You closely miss Pikel.
Pikel is almost dead.
The wall freezes the lemure!
The wall freezes Pikel.
Pikel barely misses you. The grasping roots constrict you!
* * * LOW HITPOINT WARNING * * *
Unknown command.
A red film seems to cover your vision as you go berserk!
You feel yourself moving faster!
You feel mighty!
The frozen ramparts melt away.
Pikel barely misses you. The grasping roots constrict you.
You die...
Pikel says, "See you in Hell!"

#.>..!. ..#... #
5..5# #!#.#K#
###.#5#.# ........#
#####..)#
........#######.##.
#.####...5K@......)
#.########.### #.#
..# ∆ ###


You could see Pikel and a lemure.

Vanquished Creatures
  2 lemures (D:5)
  A phantom (D:4)
  A hound (D:4)
  Crazy Yiuf (D:2)
  A sleepcap (D:4)
  2 iguanas
  3 orc wizards
  4 adders
  A white imp (D:4)
  4 dart slugs
  A ribbon worm (D:2)
  6 orcs
  8 ball pythons
  6 bats
  6 endoplasms
  4 giant cockroaches
  6 hobgoblins
  2 jackals (D:4)
  6 kobolds
  3 quokkas
  2 frilled lizards
  6 goblins
  5 rats
81 creatures vanquished.

Vanquished Creatures (collateral kills)
  A lemure (D:4)
  A scorpion (D:4)
  A howler monkey (D:4)
  An adder (D:4)
  A goblin (D:4)
5 creatures vanquished.

Vanquished Creatures (others)
  A bat (D:2)
1 creature vanquished.

Grand Total: 87 creatures vanquished

Notes
Turn   | Place    | Note
-------+----------+-------------------------------------------
     0 | D:1      | hikkokomori the Gnoll Wanderer began the quest for the Orb.
     0 | D:1      | hikkokomori set off with the following items: a +0 club, a
                  | wand of flame (6), a +0 robe, 2 scrolls of fog; and the
                  | following spell memorised: Freeze; and the following spells
                  | available to memorise: Frozen Ramparts, Hailstorm.
     0 | D:1      | Reached XP level 1. HP: 17/17 MP: 4/4
   305 | D:1      | Reached XP level 2. HP: 9/23 MP: 5/5
   443 | D:1      | Found a faded altar of an unknown god.
  1329 | D:2      | Reached XP level 3. HP: 27/28 MP: 7/7
  1333 | D:2      | Learned a level 3 spell: Frozen Ramparts
  1337 | D:2      | Learned a level 3 spell: Hailstorm
  1439 | D:2      | Reached skill level 1 in Invocations
  1440 | D:2      | Reached skill level 1 in Short Blades
  1440 | D:2      | Reached skill level 1 in Long Blades
  1440 | D:2      | Reached skill level 1 in Axes
  1440 | D:2      | Reached skill level 1 in Maces & Flails
  1440 | D:2      | Reached skill level 1 in Polearms
  1440 | D:2      | Reached skill level 1 in Staves
  1440 | D:2      | Reached skill level 1 in Ranged Weapons
  1440 | D:2      | Reached skill level 1 in Throwing
  1440 | D:2      | Reached skill level 1 in Stealth
  1440 | D:2      | Reached skill level 1 in Shields
  1440 | D:2      | Reached skill level 1 in Unarmed Combat
  1448 | D:2      | Reached skill level 1 in Shapeshifting
  1448 | D:2      | Reached XP level 4. HP: 34/34 MP: 0/8
  1571 | D:2      | Reached skill level 1 in Conjurations
  1571 | D:2      | Reached skill level 1 in Hexes
  1571 | D:2      | Reached skill level 1 in Summonings
  1571 | D:2      | Reached skill level 1 in Necromancy
  1571 | D:2      | Reached skill level 1 in Translocations
  1571 | D:2      | Reached skill level 1 in Fire Magic
  1571 | D:2      | Reached skill level 1 in Air Magic
  1571 | D:2      | Reached skill level 1 in Earth Magic
  1571 | D:2      | Reached skill level 1 in Alchemy
  1851 | D:2      | Found a runed translucent door.
  1852 | D:2      | Noticed Crazy Yiuf
  1970 | D:2      | Killed Crazy Yiuf
  1971 | D:2      | Reached XP level 5. HP: 34/40 MP: 2/9
  2472 | D:3      | Found a shadowy altar of Dithmenos.
  2506 | D:3      | Reached XP level 6. HP: 47/47 MP: 11/11
  3159 | D:4      | Reached skill level 9 in Ice Magic
  3173 | D:4      | Learned a level 3 spell: Summon Ice Beast
  3503 | D:4      | Reached XP level 7. HP: 23/52 MP: 7/12
  3788 | D:4      | Found a blossoming altar of Fedhas.
  4285 | D:5      | Entered Level 5 of the Dungeon
  4292 | D:5      | Noticed Pikel
  4376 | D:5      | HP: 1/52 [constriction (8)]
  4377 | D:5      | Constricted to death by Pikel

Illustrated notes

Levels and vault maps discovered:
D:1:      dpeg_arrival_simpleton_b, layout_basic, nicolae_ecumenical_lake_church
D:2:      layout_rooms, uniq_crazy_yiuf_cottage
D:3:      layout_basic, nicolae_dithmenos_shadow_blocks
D:4:      layout_gridville, lemuel_round_altar
D:5:      layout_loops_ring, uniq_grinder, uniq_pikel, uniq_duvessa

Skill      XL: |  1  2  3  4  5  6  7 |
---------------+----------------------+-----
Invocations    | 1 2 |  2.7
Short Blades   | 1 2 |  2.4
Long Blades    | 1 2 |  2.4
Axes           | 1 2 |  2.4
Maces & Flails | 1 2 |  2.4
Polearms       | 1 2 |  2.4
Staves         | 1 2 |  2.4
Ranged Weapons | 1 2 |  2.4
Throwing       | 1 2 |  2.4
Stealth        | 1 2 |  2.4
Shields        | 1 2 |  2.4
Unarmed Combat | 1 2 |  2.4
Spellcasting   | 3 |  3.7
Shapeshifting  | 1 2 |  2.2
Conjurations   | 1 2 |  2.0
Hexes          | 1 2 |  2.0
Summonings     | 1 2 |  2.0
Necromancy     | 1 2 |  2.0
Translocations | 1 2 |  2.0
Fire Magic     | 1 2 |  2.0
Air Magic      | 1 2 |  2.0
Earth Magic    | 1 2 |  2.0
Alchemy        | 1 2 |  2.0
Fighting       | 3 |  3.6
Armour         | 3 |  3.6
Dodging        | 3 |  3.6
Evocations     | 3 |  3.6
Ice Magic      | 9 |  9.0

Action                     |  1- 3 |  4- 6 |  7- 9 || total
---------------------------+-------+-------+-------++-------
  Melee: Club              |    65 |    52 |       ||   117
         Bite              |     5 |    16 |     3 ||    24
         Punch             |       |     5 |       ||     5
         Dagger            |       |   142 |    32 ||   174
   Cast: Freeze            |     7 |    11 |     1 ||    19
         Frozen Ramparts   |     2 |     7 |     1 ||    10
         Hailstorm         |     2 |     6 |     2 ||    10
         Summon Ice Beast  |       |     2 |     6 ||     8
    Use: Scroll            |       |       |     3 ||     3
         Potion            |       |       |     1 ||     1
   Stab: Sleeping          |     1 |     5 |     2 ||     8
         Distracted        |       |     1 |       ||     1
 Armour: Robe              |    49 |   134 |     6 ||   189
         Leather armour    |       |       |    10 ||    10
  Dodge: Dodged            |    58 |   116 |    17 ||   191

Table legend: (Time is in decaauts)
 A = Elapsed time spent in this place.
 B = Non-inter-level travel time spent in this place.
 C = Inter-level travel time spent in this place.
 D = Time resting spent in this place.
 E = Time spent auto-exploring this place.
 F = Levels seen in this place.
 G = Mean time per level.
                   A        B        C        D        E       F      G
               +--------+--------+--------+--------+--------+-----+--------+
         Total |   4390 |   4178 |    212 |     44 |   3347 |   5 |  878.0 |
       Dungeon |   4390 |   4178 |    212 |     44 |   3347 |   5 |  878.0 |
               +--------+--------+--------+--------+--------+-----+--------+

Top non-repeatable levels by time:
     D:4: 1453 daAuts
     D:1: 1314 daAuts
     D:3: 833 daAuts
     D:2: 757 daAuts
     D:5: 30 daAuts
